 Dungeon Crawl Stone Soup version 0.30.0-19-g36f170ea60 (webtiles) character file.

Game seed: 9215636784009243205

65 monsoonserge the Gusty (level 4, 0/24 HPs)
             Began as a Tengu Air Elementalist on May 28, 2023.
             Slain by an orc wizard
             ... wielding a +1 dagger of venom
              (5 damage)
             ... on level 2 of the Dungeon.
             The game lasted 00:05:03 (2028 turns).

monsoonserge the Gusty (Tengu Air Elementalist)     Turns: 2028, Time: 00:05:05

Health: 0/24       AC:  2    Str:  9    XL:     4   Next: 13%
Magic:  0/9        EV: 12    Int: 17    God:
Gold:   51         SH:  0    Dex: 14    Spells: 2/8 levels left

rFire   . . .        h - staff of conjuration
rCold   . . .        (no shield)
rNeg    . . .        a - +0 robe
rPois   .            (helmet restricted)
rElec   .            (no cloak)
rCorr   .            (no gloves)
SInv    .            (boots unavailable)
Will    .....        (no amulet)
Stlth   ++           (no ring)
HPRegen 0.24/turn    (no ring)
MPRegen 0.11/turn

%: no passive effects
@: lethally poisoned (0 -> -15)
A: beak, talons 3
a: no special abilities


You were on level 2 of the Dungeon.
You visited 1 branch of the dungeon, and saw 2 of its levels.

You collected 51 gold pieces.

Inventory:

Hand Weapons
 c - a +0 dagger
 f - a +0 short sword
Armour
 a - a +0 robe (worn)
Magical Staves
 h - a staff of conjuration (weapon)
Scrolls
 d - a scroll of identify {unknown}
 e - a scroll of enchant armour {unknown}
 i - 2 scrolls of teleportation {unknown}
 j - a scroll of fear {unknown}
Potions
 b - a potion of magic
 g - a potion of heal wounds {unknown}


   Skills:
 + Level 2.3 Dodging
 - Level 2.0 Stealth
 + Level 2.8 Spellcasting
 + Level 2.5 Conjurations
 + Level 5.1 Air Magic


You had 2 spell levels left.
You knew the following spells:

 Your Spells              Type           Power      Damage    Failure   Level
a - Shock                 Conj/Air       92%        1d8       3%          1
b - Static Discharge      Conj/Air       46%        2-4/arc   5%          2
c - Swiftness             Air            20%        N/A       6%          3

Your spell library contained the following spells:

 Spells                   Type           Power      Damage    Failure   Level
 Airstrike                Air            10%        2d(2-18)  22%         4


Dungeon Overview and Level Annotations

Branches:
Dungeon (2/15)

Altars:


Innate Abilities, Weirdness & Mutations

You have a beak for a mouth.
You have claws for feet.


Message History

Confirm with . or Enter, or press ? or * to list all spells.
You don't have enough magic to cast this spell.
Unknown command.
You barely miss the giant cockroach.
The giant cockroach is severely wounded.
The giant cockroach bites you.
You closely miss the giant cockroach. Your kick misses the giant cockroach.
You peck the giant cockroach.
You kill the giant cockroach!
Your magical contamination has completely faded away.
You hit the frilled lizard but do no damage.
You claw the frilled lizard.
You kill the frilled lizard!
You hit something but do no damage. You claw something. Something hits you.
You are poisoned.
You hit something.
You feel very sick.
You hear some strange, mumbled words.
A magic dart appears from out of thin air!
The magic dart hits you.
You miss something.
You feel sick. Something hits you.
You are lethally poisoned!
Something hits you.
You are more poisoned.
Casting: Shock (safe; 3% risk of failure)
Confirm with . or Enter, or press ? or * to list all spells.
You can't see any susceptible monsters within range! (Use Z to cast anyway.)
Aiming: Shock (safe; 3% risk of failure)
Press: ? - help, Q - select action, (/) - cycle Shift-Dir - straight line, f - you
Okay, then.
Okay, then.
Casting: Shock (safe; 3% risk of failure)
Confirm with . or Enter, or press ? or * to list all spells.
Aiming: Shock (safe; 3% risk of failure)
Press: ? - help, Shift-Dir - straight line You feel a surge of power!
The zap hits something.
* * * LOW HITPOINT WARNING * * *
You feel very sick. Something hits you.
You die...

##.###...# #..#
#.^#...##
#..#....>....#
))#.#.#.....######
..#.#.#.#...##....
#.#..<.......♣.♣#♣
#)#.#...##.#......
#{###...##.##♣.♣#♣
#@......##.....#
#########....#...#
#.........##...#.#
#.##################
#...................
####################


There were no monsters in sight!

Vanquished Creatures
  An adder (D:2)
  A dart slug (D:1)
  4 orcs (D:2)
  A ball python (D:1)
  8 endoplasms
  4 giant cockroaches
  4 goblins (D:1)
  A hobgoblin (D:1)
  4 kobolds
  3 quokkas (D:1)
  4 bats
  2 frilled lizards (D:2)
  6 rats (D:1)
43 creatures vanquished.

Notes
Turn   | Place    | Note
-------+----------+-------------------------------------------
     0 | D:1      | monsoonserge the Tengu Air Elementalist began the quest for
                  | the Orb.
     0 | D:1      | Reached XP level 1. HP: 10/10 MP: 4/4
   335 | D:1      | Reached XP level 2. HP: 15/15 MP: 4/6
   880 | D:1      | Reached XP level 3. HP: 19/19 MP: 4/7
  1041 | D:1      | Learned a level 2 spell: Static Discharge
  1045 | D:1      | Learned a level 3 spell: Swiftness
  1632 | D:2      | Reached skill level 5 in Air Magic
  2020 | D:2      | Reached XP level 4. HP: 24/24 MP: 2/9
  2028 | D:2      | Slain by an orc wizard

Illustrated notes

Levels and vault maps discovered:
D:1:      dpeg_arrival_three_bigger_balls, layout_basic
D:2:      kennysheep_six_static_rooms, layout_basic, serial_forest,
          infiniplex_forest_lined_3, infiniplex_forest_lined_3_way,
          infiniplex_forest_clump_large, infiniplex_forest_end_double,
          infiniplex_forest_clump_medium, infiniplex_forest_lined_3,
          infiniplex_forest_lined_corner, infiniplex_forest_clump_small,
          palyth_stone_intersect

Skill      XL: |  1  2  3 |
---------------+----------+-----
Conjurations   | 2 |  2.5
Air Magic      | 5 |  5.1
Dodging        | |  2.3
Stealth        | |  2.0
Spellcasting   | |  2.8

Action                     |  1- 3 |  4- 6 || total
---------------------------+-------+-------++-------
  Melee: Unarmed           |     2 |       ||     2
         Kick              |     1 |     2 ||     3
         Dagger            |    13 |       ||    13
         Peck              |     4 |     1 ||     5
         Staff             |     2 |     6 ||     8
         Short sword       |     1 |       ||     1
   Cast: Shock             |    65 |     3 ||    68
   Stab: Sleeping          |     1 |       ||     1
 Armour: Robe              |     5 |     2 ||     7
  Dodge: Dodged            |    21 |       ||    21
